 Dungeon Crawl Stone Soup version 0.21-a0-140-g479285b (webtiles) character file.

415 Leszczynek the Insei (level 6, -4/34 HPs)
             Began as a Deep Elf Hunter on July 20, 2017.
             Splashed by Ijyb's acid (7 damage)
             ... on level 5 of the Dungeon on July 21, 2017.
             The game lasted 00:15:29 (2656 turns).

Leszczynek the Insei (Deep Elf Hunter)              Turns: 2656, Time: 00:15:29

Health: -4/34      AC: -1    Str:  9    XL:     6   Next: 60%
Magic:  8/8        EV: 11    Int: 17    God:
Gold:   195        SH:  0    Dex: 16    Spells: 5/5 levels left

rFire    . . .     SeeInvis +   a - +1 shortbow
rCold    . . .     Gourm    .   (shield currently unavailable)
rNeg     . . .     Faith    .   r - +0 ring mail
rPois    .         Spirit   .   q - +0 helmet
rElec    .         Reflect  .   (no cloak)
rCorr    .         Harm     .   y - +0 pair of gloves
MR       .....                  (no boots)
Stlth    +.........             (no amulet)
HPRegen  0.11/turn              A - ring of see invisible
MPRegen  0.11/turn              (no ring)

@: corroded
A: no striking features
a: no special abilities


You were on level 5 of the Dungeon.
You were not hungry.

You visited 1 branch of the dungeon, and saw 5 of its levels.

You collected 195 gold pieces.

Inventory:

Hand Weapons
 a - a +1 shortbow (weapon)
 b - a +1 whip of electrocution
 w - a +0 short sword
Missiles
 f - 47 arrows (quivered)
 s - 6 curare-tipped needles
Armour
 c - a +0 leather armour
 q - a +0 helmet (worn)
 r - a +0 ring mail (worn)
 y - a +0 pair of gloves (worn)
 z - a +0 shield
Jewellery
 A - a ring of see invisible (left hand)
Scrolls
 e - 2 scrolls of remove curse {@r2}
 g - 2 scrolls of enchant armour {unknown}
 i - a scroll of random uselessness {unknown}
 l - a scroll of fog {unknown}
 p - a scroll of enchant weapon {unknown}
 t - a scroll of teleportation {unknown}
 u - 2 scrolls of identify {unknown}
Potions
 j - 3 potions of curing {unknown}
 k - 2 potions of lignification {!q}
 m - a potion of heal wounds {unknown}
 n - a potion of flight {unknown}
 v - a potion of cancellation {unknown}
Comestibles
 d - 6 bread rations
 h - 2 royal jellies
 o - a meat ration
 x - 8 chunks of flesh


   Skills:
 - Level 1.5 Fighting
 - Level 4.3 Bows
 - Level 2.4 Dodging
 - Level 1.2 Stealth
 + Level 5.6 Unarmed Combat


You had 5 spell levels left.
You didn't know any spells.

Dungeon Overview and Level Annotations

Branches:
Dungeon (5/15)
 Temple: D:4-7

Altars:
Fedhas
Okawaru
Wu Jian
Zin

Shops:
D:4 }

Annotations:
D:5 Ijyb


Message History

You see here a ball python corpse.
You butcher the ball python corpse.
x - 8 chunks of flesh (gained 3) Ijyb the Twisted Goblin comes into view.
Ijyb shouts!
Ijyb screams, "Me kill you!"
Your +1 whip of electrocution stops crackling.
a - a +1 shortbow (weapon)
Ijyb screams, "I no like you!"
Ijyb zaps a wand.
The bolt of acid hits you! The acid corrodes you!
You are splashed with acid!
The acid burns!
It is a wand of acid (?/15).
You are too injured to fight recklessly!
Unknown command.
Okay, then.
Unknown command.
There is a stone staircase leading up here.
Ijyb zaps a wand.
The bolt of acid hits you!
* * * LOW HITPOINT WARNING * * *
The acid corrodes you!
You are splashed with acid!
The acid burns!
You die...

... #... #..###
###+##.....
##...##..######
#.@............
#...........##
#............##
#..........#..#
##............#
###..g.#.#.#.#
.#.....#........#
..#.######.#.#.#.#
..#.#####........#


You could see Ijyb.

Vanquished Creatures
  A scorpion (D:4)
  A howler monkey (D:4)
  A bullfrog skeleton (D:4)
  Jessica (D:2)
  3 worker ants (D:4)
  A hound skeleton (D:4)
  4 gnolls (D:4)
  6 adders
  2 oozes (D:1)
  2 worms
  A leopard gecko (D:2)
  12 orcs
  5 bats
  3 giant cockroaches
  6 goblins
  2 hobgoblins
  3 jackals (D:3)
  10 kobolds
  3 quokkas
  3 ball pythons
  5 frilled lizards
  5 rats
80 creatures vanquished.

Notes
Turn   | Place    | Note
-------+----------+-------------------------------------------
     0 | D:1      | Leszczynek the Deep Elf Hunter began the quest for the Orb.
     0 | D:1      | Reached XP level 1. HP: 12/12 MP: 3/3
    82 | D:1      | Reached skill level 1 in Unarmed Combat
    88 | D:1      | Reached XP level 2. HP: 16/16 MP: 4/4
   151 | D:1      | You fall through a shaft!
   491 | D:2      | Reached skill level 2 in Unarmed Combat
   566 | D:1      | Reached XP level 3. HP: 20/20 MP: 5/5
   800 | D:2      | Noticed Jessica
   807 | D:2      | Ouch! That really hurt!
   809 | D:2      | Killed Jessica
   867 | D:2      | Reached skill level 3 in Unarmed Combat
   942 | D:3      | Reached XP level 4. HP: 20/25 MP: 6/6
  1024 | D:3      | Found an iron altar of Okawaru.
  1237 | D:3      | Found a glowing silver altar of Zin.
  1239 | D:3      | Found a blossoming altar of Fedhas.
  1239 | D:3      | Found an ornate altar of the Wu Jian Council.
  1586 | D:4      | Reached XP level 5. HP: 29/29 MP: 7/7
  1654 | D:4      | Reached skill level 4 in Unarmed Combat
  1931 | D:4      | Found Rureq's Gadget Shoppe.
  1957 | D:4      | Reached XP level 6. HP: 22/34 MP: 8/8
  2134 | D:4      | Reached skill level 5 in Unarmed Combat
  2599 | D:5      | Entered Level 5 of the Dungeon
  2644 | D:5      | Noticed Ijyb
  2656 | D:5      | HP: 3/34 [Ijyb/wand of acid (?/15) (12)]
  2656 | D:5      | Splashed by Ijyb's acid

Vault maps used:
D:1:      onia_arrival_mini_maze, roderic_chinese_pattern_swastika
D:2:      first_bread, minmay_misc_feat_pillars, kennysheep_minor_cross,
          uniq_jessica
D:3:      grunt_temple_overflow_open, solitary_fountain, okawaru_trees_2
D:4:      serial_shops, nicolae_shop_behind_doors
D:5:      serial_co_window_serial, co_window_paths_b,
          co_window_of_opportunity_a, co_window_paths_a, co_window_paths_b,
          co_window_paths_b, co_window_paths_c, co_window_unsneaky_path_e,
          co_window_of_opportunity_b, co_window_broadway_c,
          co_window_of_opportunity_b, co_window_broadway_a, co_window_4corner_b,
          glass_columns_c, glass_columns_b, glass_columns_b, glass_columns_b,
          glass_columns_c, serial_shops, nicolae_shop_stone, uniq_grinder,
          uniq_prince_ribbit1, uniq_ijyb

Skill      XL: |  1  2  3  4  5  6 |
---------------+-------------------+-----
Unarmed Combat | 1 2 3 4 5 |  5.6
Fighting       | |  1.5
Bows           | |  4.3
Dodging        | |  2.4
Stealth        | |  1.2

Action                   |  1- 3 |  4- 6 || total
-------------------------+-------+-------++-------
Melee: Short sword       |    43 |    95 ||   138
       Whip              |       |    22 ||    22
       Punch             |       |     1 ||     1
 Fire: Shortbow          |    48 |   121 ||   169
  Use: Scroll            |       |     1 ||     1
       Potion            |       |     1 ||     1
  Eat: Chunk             |       |     6 ||     6
Armor: Leather armour    |    10 |     5 ||    15
       Ring mail         |       |    44 ||    44
       Skin              |       |    14 ||    14
Dodge: Dodged            |    34 |    88 ||   122
